 Dungeon Crawl Stone Soup version 0.17-a0-2231-gd80ca38 (webtiles) character file.

217 Ordine the Slasher (level 5, 0/38 HPs)
             Began as an Octopode Fighter on Oct 29, 2015.
             Slain by Grinder (1 damage)
             ... on level 3 of the Dungeon.
             The game lasted 00:04:17 (1506 turns).

Ordine the Slasher (Octopode Fighter)               Turns: 1506, Time: 00:04:17

Health: 0/38       AC:  1    Str: 26    XL:     5   Next: 94%
Magic:  5/5        EV: 10    Int: 10    God:
Gold:   150        SH: 10    Dex: 12    Spells: 0 memorised, 4 levels left

rFire  . . .     SeeInvis .     a - +1 long sword
rCold  . . .     Clarity  .     b - +0 shield
rNeg   . . .     SustAt   .     (helmet restricted)
rPois  .         Gourm    .     (no amulet)
rElec  .         Spirit   .     j - +5 ring of strength
rCorr  .         Warding  .     (no ring)
rMut   .         Stasis   .     (no ring)
MR     .....                    (no ring)
Stlth  ++........               (no ring)
                                (no ring)
                                (no ring)
                                (no ring)

@: mighty, not resistant to hostile enchantments, unstealthy
A: almost no armour, amphibious, 8 rings, constrict 8, camouflage 1, gelatinous
body 1
a: no special abilities


You were on level 3 of the Dungeon.
You were not hungry.

You visited 1 branch of the dungeon, and saw 3 of its levels.

You collected 150 gold pieces.

Inventory:

Hand Weapons
 a - a +1 long sword (weapon)
Missiles
 e - 17 poisoned needles
 p - 5 tomahawks (quivered)
Armour
 b - a +0 shield (worn)
Jewellery
 j - a +5 ring of strength (left tentacle)
 k - an uncursed amulet of stasis
Scrolls
 o - a scroll of identify
Potions
 f - a potion of haste
 n - a potion of agility
Comestibles
 d - 3 bread rations
 g - 3 beef jerkies
 i - a meat ration
 l - 4 chunks of flesh
 m - a slice of pizza


   Skills:
 + Level 4.3 Fighting
 * Level 5.0 Long Blades
 - Level 3.0 Dodging
 - Level 3.0 Shields


You had 4 spell levels left.
You didn't know any spells.

Dungeon Overview and Level Annotations

Branches:
Dungeon (3/15)

Altars:

Annotations:
D:3 dig, Grinder


Innate Abilities, Weirdness & Mutations

You cannot wear most types of armour.
You are amphibious.
You can wear up to eight rings at the same time.
You can use your tentacles to constrict eight enemies at once.
Your skin changes colour to match your surroundings (Stealth).
Your rubbery body absorbs attacks (AC +1).


Message History

You feel stronger. The bat barely misses you.
Unknown command.
Drink which item? (? for menu, Esc to quit)
You feel better. You block the bat's attack. Grinder barely misses you.
You closely miss Grinder. Your grab misses Grinder. You block the bat's attack.
Grinder gestures.
Grinder blinks!
You are too injured to fight recklessly!
You block the bat's attack.
Grinder says, "Mostly I couldn't keep them alive."
Grinder gestures at you. Pain shoots through your body!
* * * LOW HITPOINT WARNING * * *
Unknown command.
Drink which item? (? for menu, Esc to quit)
You feel better. Grinder hits you!
* * * LOW HITPOINT WARNING * * *
You writhe in agony.
You die...

. #$ #..#####.###.....÷..
..#.### #.##.........#.)###
.......###...............#
.......#............###.##
#.................###..#
...###....................#
#.....(.).)).......###..##
b$...!.#.#.##.......#⌠#..#
##...###.#.@#######.###..#
5..#.....##5## #.....## ..
#.......# ##.#..# #
#.###.#.### #.##.#
...#§#.#...## #....#
#..###.###..# ##..##
##........#.#####..##
########.....##....#
####...#....#


You could see Grinder.

Vanquished Creatures
  Sigmund (D:3)
  2 adders
  An ooze (D:2)
  2 worms
  7 bats
  A giant cockroach (D:2)
  A goblin (D:3)
  5 hobgoblins
  3 jackals (D:2)
  2 giant newts
  6 kobolds
  3 rats
34 creatures vanquished.

Notes
Turn   | Place    | Note
--------------------------------------------------------------
     0 | D:1      | Ordine the Octopode Fighter began the quest for the Orb.
     0 | D:1      | Reached XP level 1. HP: 16/16 MP: 1/1
   450 | D:1      | Reached XP level 2. HP: 18/21 MP: 2/2
   925 | D:2      | Reached XP level 3. HP: 19/26 MP: 3/3
  1423 | D:3      | Reached XP level 4. HP: 31/31 MP: 4/4
  1477 | D:3      | Noticed Grinder
  1491 | D:3      | Noticed Sigmund
  1501 | D:3      | Killed Sigmund
  1501 | D:3      | Reached skill level 4 in Fighting
  1501 | D:3      | Reached skill level 5 in Long Blades
  1501 | D:3      | Reached XP level 5. HP: 3/38 MP: 5/5
  1506 | D:3      | HP: 1/38 [Grinder (11)]
  1506 | D:3      | Slain by Grinder

Vault maps used:
D:1:      lemuel_arrival_room
D:3:      overflow_temple_1_default, serial_glass, glass_columns_a,
          glass_columns_b, glass_columns_a, glass_columns_a, glass_columns_a,
          feat_on_display, feat_on_display, due_unseen_surprise,
          portal_sewer_entry_b, uniq_sigmund, uniq_natasha, uniq_grinder,
          uniq_robin

Action                   |  1- 3 |  4- 6 || total
-------------------------+-------+-------++-------
Melee: Long sword        |    50 |    10 ||    60
  Use: Scroll            |     8 |       ||     8
       Potion            |       |     3 ||     3
 Stab: Sleeping          |     5 |     1 ||     6
       Distracted        |     1 |       ||     1
  Eat: Chunk             |     2 |       ||     2
